 Dungeon Crawl Stone Soup version 0.21.1-1-g345015f (webtiles) character file.

2 tidbits the Grave Robber (level 1, 0/13 HPs)
             Began as a Gnoll Necromancer on June 26, 2018.
             Killed from afar by Blork the orc (6 damage)
             ... with a magic dart
             ... on level 6 of the Dungeon.
             The game lasted 00:00:50 (95 turns).

tidbits the Grave Robber (Gnoll Necromancer)          Turns: 95, Time: 00:00:51

Health: 0/13       AC:  2    Str: 10    XL:     1   Next: 40%
Magic:  1/6        EV: 14    Int: 17    God:
Gold:   0          SH:  0    Dex: 15    Spells: 8/9 levels left

rFire    . . .     SeeInvis .   (no weapon)
rCold    . . .     Gourm    .   (no shield)
rNeg     . . .     Faith    .   a - +0 robe
rPois    .         Spirit   .   (no helmet)
rElec    .         Reflect  .   (no cloak)
rCorr    .         Harm     .   (no gloves)
MR       .....                  (no boots)
Stlth    +++.......             (no amulet)
HPRegen  0.04/turn              (no ring)
MPRegen  0.10/turn              (no ring)

@: very slightly contaminated
A: distributed training, fangs 1, strong nose
a: no special abilities


You were on level 6 of the Dungeon.
You were not hungry.

You visited 1 branch of the dungeon, and saw 5 of its levels.

Inventory:

Missiles
 d - 18 arrows
Armour
 a - a +0 robe (worn)
Potions
 e - 2 potions of resistance {unknown}
 f - a potion of heal wounds {unknown}
 g - a potion of haste {unknown}
Books
 b - a book of Necromancy

   Spells                             Type                      Level
   a - Pain                           Necromancy                   1
   b - Animate Skeleton               Necromancy                   1
   c - Vampiric Draining              Necromancy                   3
   d - Regeneration                   Charms/Necromancy            3
   e - Animate Dead                   Necromancy                   4
   f - Borgnjor's Vile Clutch         Necromancy/Earth             5
Comestibles
 c - a ration


   Skills:
 + Level 0.0 Fighting
 + Level 0.0 Short Blades
 + Level 0.0 Long Blades
 + Level 0.0 Axes
 + Level 0.0 Maces & Flails
 + Level 0.0 Polearms
 + Level 0.0 Staves
 + Level 0.0 Slings
 + Level 0.0 Bows
 + Level 0.0 Crossbows
 + Level 0.0 Throwing
 + Level 0.0 Armour
 + Level 4.4 Dodging
 + Level 4.0 Stealth
 + Level 0.0 Shields
 + Level 0.0 Unarmed Combat
 + Level 4.8 Spellcasting
 + Level 0.0 Conjurations
 + Level 0.0 Hexes
 + Level 0.0 Charms
 + Level 0.0 Summonings
 + Level 7.0 Necromancy
 + Level 0.0 Translocations
 + Level 0.0 Transmutations
 + Level 0.0 Fire Magic
 + Level 0.0 Ice Magic
 + Level 0.0 Air Magic
 + Level 0.0 Earth Magic
 + Level 0.0 Poison Magic
 + Level 0.1 Invocations
 + Level 0.0 Evocations


You had 8 spell levels left.
You knew the following spells:

 Your Spells              Type           Power        Failure   Level  Hunger
a - Pain                  Necr           ####         1%          1    None


Dungeon Overview and Level Annotations

Branches:
Dungeon (6/15)
 Temple: D:4-7

Altars:
Ashenzari

Annotations:
D:6 Blork the orc


Innate Abilities, Weirdness & Mutations

Your experience applies equally to all skills.
You have very sharp teeth.
Your uncanny sense of smell can sniff out nearby items.


Message History

There is a stone staircase leading up here.
The helpless ball python fails to defend itself.
You hit the ball python.
The ball python is severely wounded.
The ball python bites you. The ball python misses you.
Casting: Pain
Confirm with . or Enter, or press ? or * to list all spells.
Aiming: Pain
Press: ? - help, Shift-Dir - straight line, f - ball python
Aim: a ball python (severely wounded, chance to defeat MR: 93%)
The ball python writhes in agony!
You kill the ball python!
Found 26 sling bullets.
You see here a ball python corpse.
There is a shaft here.
You fall through a shaft for 2 floors!
The shaft crumbles and collapses.
Found a stone staircase leading down. 3 orcs come into view.
There is a stone staircase leading down here.
You climb downwards.
Found 12 stones.
There is a stone staircase leading up here.
Unknown command.
There is a stone staircase leading up here.
You climb upwards.
The shadow imp shouts, "Slither home, thou defiled sheep-biting pustule!"
You hear a shout! x3
There is a stone staircase leading down here.
Unknown command.
The orc shouts!
You hear a shout!
You climb downwards.
There is a stone staircase leading up here.
Unknown command.
Found 18 arrows.
Found a shattered altar of Ashenzari.
Found 23 sling bullets.
You see here 18 arrows.
d - 18 arrows You see here 23 sling bullets.
Found 2 brown potions.
Found an escape hatch in the floor.
Found a blue potion.
You see here 2 brown potions.
e - 2 brown potions
There is an escape hatch in the floor here.
Found 9 stones.
You see here a blue potion.
f - a blue potion An adder zombie comes into view.
There is an escape hatch in the floor here.
You slide downwards.
The hatch slams shut behind you.
Found five items.
Found an escape hatch in the floor.
Unknown command.
Found a scale mail.
Found a shiny wooden wand.
You see here a glowing puce potion.
g - a glowing puce potion
Found a scroll labeled SUAGEO EKLOZ.
Blork the orc comes into view.
He is wielding a halberd.
Casting: Pain
Confirm with . or Enter, or press ? or * to list all spells.
Aiming: Pain
Press: ? - help, Shift-Dir - straight line, f - Blork the orc
Aim: Blork the orc, wielding a halberd and wearing a robe (resting, chance to defeat MR: 84%) Blork the orc shouts!
Blork the orc writhes in agony!
Blork the orc gestures at you while chanting.
The puff of frost misses you.
Casting: Pain
Confirm with . or Enter, or press ? or * to list all spells.
Aiming: Pain
Press: ? - help, Shift-Dir - straight line, f/p - Blork the orc
Aim: Blork the orc, wielding a halberd and wearing a robe (moderately wounded, chance to defeat MR: 84%) Blork the orc writhes in agony!
Blork the orc mumbles some strange words.
Blork the orc seems to speed up.
Casting: Pain
Confirm with . or Enter, or press ? or * to list all spells.
Aiming: Pain
Press: ? - help, Shift-Dir - straight line, f/p - Blork the orc
Aim: Blork the orc, wielding a halberd and wearing a robe (heavily wounded, fast, chance to defeat MR: 84%)
You miscast Pain.
You are very lightly contaminated with residual magic.
Nothing appears to happen.
Casting: Pain
Confirm with . or Enter, or press ? or * to list all spells.
Aiming: Pain
Press: ? - help, Shift-Dir - straight line, f/p - Blork the orc
Aim: Blork the orc, wielding a halberd and wearing a robe (heavily wounded, fast, chance to defeat MR: 84%) Blork the orc writhes in agony!
Blork the orc hits you from afar with a halberd.
Casting: Pain
Confirm with . or Enter, or press ? or * to list all spells.
Aiming: Pain
Press: ? - help, Shift-Dir - straight line, f/p - Blork the orc
Aim: Blork the orc, wielding a halberd and wearing a robe (severely wounded, fast, chance to defeat MR: 84%) Blork the orc barely resists.
Blork the orc closely misses you. Blork the orc casts a spell at you.
The magic dart hits you!
You die...

#.......#
#.[.....#
+$......#
.##+.).....#
...........#
...........#
...........#
...........+
##+#.(....@#
######.....# ∆
.o.........
.........[/..
###.##........
#. #.####... ∆
#. #.# ?.. ∆
#.. ..


You could see Blork the orc.

Vanquished Creatures
  A leopard gecko (D:1)
  A ball python (D:2)
2 creatures vanquished.

Notes
Turn   | Place    | Note
-------+----------+-------------------------------------------
     0 | D:1      | tidbits the Gnoll Necromancer began the quest for the Orb.
     0 | D:1      | Reached XP level 1. HP: 13/13 MP: 6/6
    13 | D:2      | You fall through a shaft for 2 floors!
    28 | D:5      | Entered Level 5 of the Dungeon
    48 | D:5      | Found a shattered altar of Ashenzari.
    90 | D:6      | Noticed Blork the orc
    95 | D:6      | Killed from afar by Blork the orc

Action                   || total
-------------------------++-------
Melee: Unarmed           ||     1
 Cast: Pain              ||     7
 Stab: Sleeping          ||     1
Dodge: Dodged            ||     3

Table legend:
 A = Turns spent in this place as a percentage of turns spent in the entire game.
 B = Non-inter-level travel turns spent in this place as a percentage of non-inter-level travel turns spent in the entire game.
 C = Inter-level travel turns spent in this place as a percentage of turns spent in this place.
 D = Turns resting spent in this place as a percentage of non-inter-level travel turns spent in this place.
 E = Turns spent auto-exploring this place as a percentage of non-inter-level travel turns spent in this place.
 F = Non-inter-level travel turns spent in this place divided by the number of levels of this place that you've seen.
                   A       B       C       D       E      F
               +-------+-------+-------+-------+-------+----------------------
         Total | 100.0 | 100.0 |   0.0 |   0.0 |   0.0 |  19.0
       Dungeon | 100.0 | 100.0 |   0.0 |   0.0 |   0.0 |  19.0
               +-------+-------+-------+-------+-------+----------------------

Table legend:
 A = Kills in this place as a percentage of kills in entire the game.
 B = Kills by you in this place as a percentage of kills by you in the entire game.
 C = Kills by friends in this place as a percentage of kills by friends in the entire game.
 D = Other kills in this place as a percentage of other kills in the entire game.
 E = Experience gained in this place as a percentage of experience gained in the entire game.
 F = Experience gained in this place divided by the number of levels of this place that you have seen.
                   A       B       C       D       E      F
               +-------+-------+-------+-------+-------+----------------------
         Total | 100.0 | 100.0 |   N/A |   N/A | 100.0 |   0.8
       Dungeon | 100.0 | 100.0 |   N/A |   N/A | 100.0 |   0.8
               +-------+-------+-------+-------+-------+----------------------

Vault maps used:
D:1:      dpeg_arrival_orchard, lemuel_old_faithful
D:2:      gammafunk_temple_overflow_statue
D:4:      grunt_ministairs_2, uniq_menkaure
D:5:      ashenzari_conservatory_becter, lemuel_round_altar, first_ration
D:6:      tso_oasis_becter, uniq_duvessa, uniq_edmund, uniq_eustachio,
          uniq_blork_the_orc
